 Dungeon Crawl Stone Soup version 0.28-a0-1447-ga5a8893891 (webtiles) character file.

Game seed: 1576825058379863185

308 lunkers the Purveyor of Pain (level 6, -2/41 HPs)
             Began as a Vampire Necromancer on Jan 11, 2022.
             Was an Initiate of Kikubaaqudgha.
             Slain by a phantom (8 damage)
             ... on level 3 of the Dungeon.
             The game lasted 00:10:42 (4319 turns).

lunkers the Purveyor of Pain (Vampire Necromancer)  Turns: 4319, Time: 00:10:42

Health: -2/41      AC:  5    Str:  7    XL:     6   Next: 17%
Magic:  11/11      EV: 12    Int: 20    God:    Kikubaaqudgha [......]
Gold:   197        SH:  0    Dex: 14    Spells: 8/12 levels left

rFire   . . .      SeeInvis +   b - +0 dagger (vamp)
rCold   + . .      Faith    .   (no shield)
rNeg    . . .      Spirit   .   h - +0 robe
rPois   .          Reflect  .   e - +2 helmet
rElec   .          Harm     .   (no cloak)
rCorr   .          Rampage  .   (no gloves)
Will    .....                   (no boots)
Stlth   ++........              (no amulet)
HPRegen 0.33/turn               f - ring of protection from cold
MPRegen 0.12/turn               (no ring)

@: healing quickly
A: alive, fangs 3, see invisible, vampiric 2
a: Exsanguinate, Renounce Religion


You were on level 3 of the Dungeon.
You worshipped Kikubaaqudgha.
Kikubaaqudgha was noncommittal.
You visited 1 branch of the dungeon, and saw 4 of its levels.

You collected 197 gold pieces.

Inventory:

Hand Weapons
 a - a +1 vampiric trident
 b - a +0 vampiric dagger (weapon)
 i - a +0 dagger
Armour
 e - a +2 helmet (worn)
 h - a +0 robe (worn)
Jewellery
 f - a ring of protection from cold (left hand)
Scrolls
 c - 2 scrolls of identify
 g - a scroll of vulnerability
 j - a scroll of immolation
Potions
 d - 2 potions of brilliance
 k - a potion of heal wounds


   Skills:
 - Level 2.1 Dodging
 - Level 3.0 Stealth
 + Level 3.7 Spellcasting
 * Level 7.2 Necromancy


You had 8 spell levels left.
You knew the following spells:

 Your Spells              Type           Power      Damage    Failure   Level
a - Pain                  Necr           100%       1d9       1%          1
b - Vampiric Draining     Necr           32%        2d8       1%          3

Your spell library contained the following spells:

 Spells                   Type           Power      Damage    Failure   Level
 Animate Skeleton         Necr           64%        N/A       1%          1
 Animate Dead             Necr           16%        N/A       7%          4
 Beastly Appendage        Tmut           6%         N/A       13%         1
 Agony                    Necr           32%        N/A       19%         5
 Ensorcelled Hibernation  Hex/Ice        6%         N/A       21%         2
 Wereblood                Tmut           3%         N/A       21%         2
 Anguish                  Hex/Necr       9%         N/A       30%         4
 Call Canine Familiar     Summ           3%         N/A       36%         3
 Mephitic Cloud           Conj/Pois/Air  3%         N/A       36%         3
 Portal Projectile        Hex/Tloc       6%         N/A       36%         3
 Spider Form              Tmut/Pois      3%         N/A       36%         3
 Stone Arrow              Conj/Erth      6%         3d7       36%         3
 Leda's Liquefaction      Hex/Erth       1%         N/A       78%         4
 Iron Shot                Conj/Erth      1%         9d1       100%        6


Dungeon Overview and Level Annotations

Branches:
Dungeon (4/15)
 Temple: D:4-7

Altars:
Ashenzari
Fedhas
Gozag
Kikubaaqudgha
Makhleb
Okawaru
Ru

Shops:
D:1 =

Annotations:
D:3 exclusion: oklob plant
D:4 2 runed translucent doors, DrKleor's ghost, amateur DsFi


Innate Abilities, Weirdness & Mutations

Your natural rate of healing is accelerated.
You have razor-sharp teeth.
You have supernaturally acute eyesight. (SInv)
You are afflicted with vampirism and can become a bat while bloodless.


Message History

The phantom hits you!
* * * LOW HITPOINT WARNING * * *
The phantom blinks!
You blink.
Unknown command.
The phantom hits you.
* * * LOW HITPOINT WARNING * * *
The phantom blinks!
You blink.
There is a stone staircase leading down here.
You hit the phantom but do no damage. Your punch misses the phantom.
The phantom closely misses you.
Unknown command.
You barely miss the phantom. You bite the phantom.
The phantom is lightly damaged.
The phantom hits you!
* * * LOW HITPOINT WARNING * * *
The phantom blinks!
You blink.
Unknown command.
The phantom barely misses you.
There is a stone staircase leading down, spattered with blood here.
You closely miss the phantom.
The phantom is lightly damaged.
The phantom hits you but does no damage.
Unknown command.
You closely miss the phantom. Your bite misses the phantom.
The phantom is lightly damaged.
The phantom hits you.
* * * LOW HITPOINT WARNING * * *
The phantom blinks!
You blink.
There is a stone staircase leading down, spattered with blood here.
Okay, then.
Okay, then.
You closely miss the phantom. Your bite misses the phantom.
The phantom hits you but does no damage.
You hit the phantom but do no damage.
The phantom hits you but does no damage.
You hit the phantom.
The phantom is lightly damaged.
The phantom hits you!
You die...
Kikubaaqudgha rasps: "You have failed me!
Welcome... death!"

##....#.....#.##.#.#.# #.#.###.##
#....#####.#.##.#.#.# #.#.#....#
#....#####.#.##.#.#.# #.#.#.#..#
#...................###.#.#.#..#
#...######...........##.#.#.#..#
#...#..# #...........##.#.#.#...
#...#..###...........##.#.#.#...
##........'.....W.....##.#.#.#...
.........##.....@.....##.#.#.#...
###.####....#'##.#.......#.#.#'#.
#.....##.####.##.#########.#....[
.......#.# #.##.# #.#.....
.......#.####.##.#########.#.....
..._...........#...........#.....
.......#....##.............#..(.#
.......#..#####################.'
#...).##..##PP#P..P##PPPP#.PPP#.#


You could see a phantom.

Vanquished Creatures
  Sigmund (D:3)
  2 orc wizards (D:3)
  Terence (D:3)
  2 adders (D:3)
  A worm (D:4)
  A dart slug (D:3)
  2 orcs (D:3)
  5 endoplasms
  A giant cockroach (D:2)
  7 hobgoblins
  7 quokkas
  4 ball pythons
  3 bats
  5 frilled lizards
  6 goblins
  7 kobolds
  A rat (D:2)
56 creatures vanquished.

Vanquished Creatures (others)
  A plant (D:3)
1 creature vanquished.

Grand Total: 57 creatures vanquished

Notes
Turn   | Place    | Note
-------+----------+-------------------------------------------
     0 | D:1      | lunkers the Vampire Necromancer began the quest for the
                  | Orb.
     0 | D:1      | Reached XP level 1. HP: 13/13 MP: 3/3
     8 | D:1      | Found Xaogh's Jewellery Boutique.
   269 | D:1      | Got the Compendium of Poisoning and the Rocks
   287 | D:1      | Reached XP level 2. HP: 18/19 MP: 0/5
  1117 | D:2      | Reached skill level 5 in Necromancy
  1199 | D:2      | Found a faded altar of an unknown god.
  1798 | D:3      | Gained mutation: You are afflicted with vampirism and can
                  | become a bat while bloodless. [Vampire growth]
  1798 | D:3      | Reached XP level 3. HP: 17/24 MP: 0/6
  1930 | D:3      | Found an iron altar of Okawaru.
  2017 | D:2      | Learned a level 3 spell: Vampiric Draining
  2051 | D:3      | Reached XP level 4. HP: 22/30 MP: 2/8
  2484 | D:3      | Found an opulent altar of Gozag.
  2697 | D:3      | Found a blossoming altar of Fedhas.
  2716 | D:3      | Noticed an oklob plant
  2908 | D:3      | Noticed Terence
  2963 | D:3      | Reached skill level 6 in Necromancy
  3018 | D:3      | Killed Terence
  3019 | D:3      | Reached XP level 5. HP: 9/35 MP: 0/9
  3110 | D:3      | Noticed Sigmund
  3206 | D:3      | Killed Sigmund
  3207 | D:3      | Reached skill level 7 in Necromancy
  3207 | D:3      | Reached XP level 6. HP: 38/41 MP: 1/11
  4010 | D:4      | Found a broken altar of Ashenzari.
  4010 | D:4      | Found a faded altar of an unknown god.
  4019 | D:4      | Found a sacrificial altar of Ru.
  4021 | D:4      | Found an ancient bone altar of Kikubaaqudgha.
  4023 | D:4      | Found a burning altar of Makhleb.
  4069 | D:4      | Found a large runed translucent door.
  4069 | D:4      | Found a large runed translucent door.
  4083 | D:4      | Noticed DrKleor's ghost (amateur DsFi)
  4124 | D:4      | Became a worshipper of Kikubaaqudgha
  4319 | D:3      | Slain by a phantom

Illustrated notes

Levels and vault maps discovered:
D:1:      dpeg_arrival_leaves_temple_mockup, layout_basic, serial_shops,
          shop_statue, minmay_misc_feat_rows
D:2:      layout_basic, chequers_ecumenical_altar_grove, lemuel_old_faithful
D:3:      layout_basic, mainiacjoe_overflow_alcove_2, old_standard_altar,
          tgw_fedhas, serial_forest, infiniplex_forest_straight_3,
          infiniplex_forest_clump_small, infiniplex_forest_lined_ring,
          infiniplex_forest_straight_3, infiniplex_forest_lined_corner,
          infiniplex_forest_end_3, infiniplex_forest_end_1,
          infiniplex_forest_lined_room_2, infiniplex_forest_end_3, uniq_sigmund,
          uniq_terence
D:4:      layout_basic, chequers_temple_overflow_minitemple,
          ebering_ghost_disaster_area

Skill      XL: |  1  2  3  4  5 |
---------------+----------------+-----
Necromancy     | 5 6 7 |  7.2
Spellcasting   | 3 |  3.7
Dodging        | |  2.1
Stealth        | |  3.0

Action                   |  1- 3 |  4- 6 || total
-------------------------+-------+-------++-------
Melee: Unarmed           |    10 |       ||    10
       Bite              |     1 |     4 ||     5
       Dagger            |       |    40 ||    40
 Cast: Pain              |    67 |    41 ||   108
       Vampiric Draining |     1 |     6 ||     7
  Use: Scroll            |       |    10 ||    10
       Potion            |       |     1 ||     1
Armor: Robe              |     8 |    15 ||    23
Dodge: Dodged            |    11 |    30 ||    41

Table legend: (Time is in decaauts)
 A = Elapsed time spent in this place.
 B = Non-inter-level travel time spent in this place.
 C = Inter-level travel time spent in this place.
 D = Time resting spent in this place.
 E = Time spent auto-exploring this place.
 F = Levels seen in this place.
 G = Mean time per level.
                   A        B        C        D        E       F      G
               +--------+--------+--------+--------+--------+-----+--------+
         Total |   4326 |   4195 |    131 |    202 |   3345 |   4 | 1081.5 |
       Dungeon |   4326 |   4195 |    131 |    202 |   3345 |   4 | 1081.5 |
               +--------+--------+--------+--------+--------+-----+--------+

Top non-repeatable levels by time:
     D:3: 1899 daAuts
     D:2: 1201 daAuts
     D:1: 750 daAuts
     D:4: 474 daAuts
